 Dungeon Crawl Stone Soup version 0.31.0-12-g77e489cdc1 (webtiles) character file.

Game seed: 242436216760110805

3075 aheadsounds the Covert (level 9, -3/44 (49) HPs)
             Began as a Felid Delver on Feb 20, 2024.
             Was an Initiate of Ru.
             Slain by a wight
             ... wielding a +0 morningstar
              (5 damage)
             ... on level 8 of the Dungeon.
             The game lasted 00:32:51 (8739 turns).

aheadsounds the Covert (Felid Delver)               Turns: 8739, Time: 00:32:52

HP:   -3/44 (49)    AC:  2    Str:  8    XL:     9   Next: 58%
MP:   0/10          EV: 30    Int: 13    God:    Ru [......]
Gold: 224           SH:  0    Dex: 23    Spells: 1/8 levels left
                                        Lives: 0   Deaths: 3

rFire   . .          .
                       - Unarmed
rCold   . . .        (shield unavailable)
rNeg    . . .        (body armour unavailable)
rPois   .            (helmet unavailable)
rElec   .            (cloak unavailable)
rCorr   .            (gloves unavailable)
SInv    +            (boots unavailable)
Will    +....        y - amulet of guardian spirit
Stlth   +++++        c - +5 ring of evasion
HPRegen 0.27/turn    (no ring)
MPRegen 0.12/turn

%: guardian spirit
@: about to teleport, heavily drained
A: very small, claws 1, fangs 3, see invisible, shaggy fur 2, stealthy paws, no
weapons or thrown items, no armour, multi-lived
a: Renounce Religion


You were on level 8 of the Dungeon.
You worshipped Ru.
Ru was noncommittal.
You visited 2 branches of the dungeon, and saw 9 of its levels.
You also visited: Sewer.

You collected 469 gold pieces.
You spent 245 gold pieces at shops.

Inventory:

Jewellery
 c - a +5 ring of evasion (left paw)
 r - a ring of protection from cold
 y - an amulet of guardian spirit (around neck)
 E - a ring of resist corrosion
Wands
 e - a wand of digging (3)
 C - a wand of flame (25)
 D - a wand of mindburst (11)
Scrolls
 a - a scroll of fog
 b - 3 scrolls of revelation
 f - 3 scrolls of brand weapon
 g - 2 scrolls of enchant armour
 h - 6 scrolls of vulnerability
 i - 5 scrolls of enchant weapon
 l - 3 scrolls of noise
 m - 2 scrolls of fear
 n - 4 scrolls of teleportation
 u - a scroll of blinking
 v - a scroll of poison {unknown}
 w - a scroll of acquirement {unknown}
 x - 3 scrolls of identify
Potions
 d - a potion of haste
 j - 2 potions of degeneration
 k - a potion of magic {unknown}
 o - a potion of resistance {unknown}
 p - 2 potions of mutation
 q - 3 potions of enlightenment
 s - 2 potions of invisibility
 t - a potion of brilliance
 z - a potion of experience {unknown}
 A - a potion of curing {unknown}
 B - a potion of might {unknown}
 F - a potion of heal wounds


   Skills:
 + Level 6.7 Fighting
 + Level 8.3 Dodging
 + Level 10.7 Stealth
 * Level 7.7 Unarmed Combat
 + Level 4.3 Evocations


You had one spell level left.
You knew the following spells:

 Your Spells              Type           Power      Damage    Failure   Level
a - Necrotise             Necr           0%         1d4       30%         1
b - Ensorcelled Hibernat  Hex/Ice        0%         N/A       43%         2
c - Scorch                Fire           0%         2d5       43%         2
d - Sting                 Conj/Alch      0%         1d3       30%         1
e - Summon Small Mammal   Summ           0%         N/A       30%         1

Your spell library contained the following spells:

 Spells                   Type           Power      Damage    Failure   Level
 Apportation              Tloc           0%         N/A       30%         1
 Passwall                 Erth           0%         N/A       67%         3
 Swiftness                Air            0%         N/A       67%         3
 Vampiric Draining        Necr           0%         2d6       67%         3
 Flame Wave               Conj/Fire      0%         2d4       97%         4
 Martyr's Knell           Necr/Summ      0%         N/A       97%         4
 Curse of Agony           Necr           0%         N/A       100%        5
 Summon Cactus Giant      Summ           0%         N/A       100%        6


Dungeon Overview and Level Annotations

Branches:
Dungeon (8/15)             Temple (1/1) D:4           Sewer (visited)
   Lair: D:8-11

Altars:
Ashenzari
Cheibriados
Dithmenos
Elyvilon
Fedhas
Gozag
Hepliaklqana
Nemelex Xobeh
Okawaru
Qazlal
Ru
Sif Muna
Uskayaw
Vehumet
Xom
The Shining One

Shops:
D:1 (?[


Innate Abilities, Weirdness & Mutations

You have sharp claws.
You have razor-sharp teeth.
You have supernaturally acute eyesight. (SInv)
You are covered in thick fur. (AC +2)
Your paws help you pounce on unaware monsters.
You are incapable of wielding weapons or throwing items.
You cannot wear armour.
You gain extra lives every three experience levels.


Message History

You completely miss the wight. The wight completely misses you.
You scratch the wight.
The wight is moderately damaged.
The wight hits you with a +3 flail of freezing.
The wight freezes you.
You claw the wight!
The wight is severely damaged.
You scratch the wight but do no damage. You bite the wight.
The wight is almost destroyed.
The wight completely misses you.
You scratch the wight but do no damage. You claw the wight.
You destroy the wight!
Things that are here:
a +3 flail of freezing; a +0 robe
F - a potion of heal wounds You barely miss the wight.
You barely miss the wight. You bite the wight.
The wight is lightly damaged.
The wight barely misses you.
You scratch the wight.
The wight is heavily damaged.
The wight barely misses you.
The wight hits you with a +3 short sword of freezing.
You feel drained. The wight freezes you.
You scratch the wight. You bite the wight, but do no damage.
The wight is heavily damaged.
The wight hits you with a +0 morningstar!
The wight misses you.
You scratch the wight.
The wight is severely damaged.
The wight misses you.
The wight hits you with a +3 short sword of freezing!
You feel drained. The wight freezes you.
Okay, then.
As you read the scroll of teleportation, it crumbles to dust.
You feel strangely unstable.
The wight hits you with a +0 morningstar!
* * * LOW HITPOINT WARNING * * *
You feel drained.
You die...

#. #. #.#
#####..#########
............z...
...........zz......
...........z.......
..)....zz# #.#
........@##### #.#
.............####.#####
....................... #
#######)..........#####.#
#.....####.........#
#.....# ###....##.#
#.....######........
...........<#........
.....####......##.##..


You could see 2 wights.

Vanquished Creatures
  Maurice (D:7)
  Grinder (D:5)
  Sigmund (D:6)
  Menkaure (D:7)
  Duvessa (D:4)
  A water moccasin (D:6)
  2 ice beasts
  A black bear (D:6)
  A centaur (D:6)
  A phantom (D:4)
  A kobold brigand (D:5)
  A gnoll sergeant (D:7)
  2 bullfrogs
  A scorpion (D:6)
  A wight (D:8)
  Dowan (D:4)
  6 killer bees (D:7)
  3 howler monkeys (D:7)
  A bombardier beetle (D:7)
  3 orc priests
  5 hounds
  A jelly (D:4)
  Crazy Yiuf (D:7)
  2 sleepcaps
  An iguana (D:7)
  3 orc wizards
  Natasha (twice) (D:2)
  14 gnolls
  11 adders
  2 river rats (Sewer)
  2 ufetubi (D:6)
  6 dart slugs
  14 orcs
  9 endoplasms
  9 giant cockroaches
  7 hobgoblins
  5 jackals
  5 quokkas
  13 ball pythons
  8 bats
  9 frilled lizards
  2 goblins
  6 kobolds
  3 rats
171 creatures vanquished.

Notes
Turn   | Place    | Note
-------+----------+-------------------------------------------
     0 | D:5      | aheadsounds the Felid Delver began the quest for the Orb.
     0 | D:5      | Reached XP level 1. HP: 12/12 MP: 2/2
    29 | D:5      | Noticed a hound
    39 | D:5      | Killed a hound
    40 | D:5      | Reached XP level 2. HP: 2/16 MP: 3/3
    40 | D:5      | Reached XP level 3. HP: 3/20 MP: 4/4
   135 | D:5      | Noticed an ice beast
   148 | D:5      | Killed an ice beast
   149 | D:5      | Reached skill level 7 in Stealth
   149 | D:5      | Reached XP level 4. HP: 6/25 MP: 5/5
   149 | D:5      | Gained a life (2 lives remaining)
   266 | D:5      | Noticed a phantom
   292 | D:4      | Reached XP level 5. HP: 23/29 MP: 6/6
   340 | D:4      | Killed a phantom
   448 | D:4      | Gained mutation: You are covered in thick fur. (AC +2)
                  | [Felid growth]
   448 | D:4      | Reached XP level 6. HP: 22/33 MP: 7/7
   540 | D:4      | Noticed Duvessa
   552 | D:4      | Noticed Dowan
   572 | D:4      | Killed Duvessa
   573 | D:4      | Reached skill level 5 in Dodging
   573 | D:4      | Reached skill level 8 in Stealth
   581 | D:4      | HP: 1/34 [Dowan/shard of ice (13)]
   594 | D:4      | Killed Dowan
   663 | D:4      | Found a shimmering altar of Xom.
   798 | D:4      | Found a staircase to the Ecumenical Temple.
   856 | Temple   | Found a transporter.
   856 | Temple   | Found a transporter.
   856 | Temple   | Found a transporter.
   856 | Temple   | Found a transporter.
   856 | Temple   | Entered the Ecumenical Temple
  1012 | Temple   | Became a worshipper of Ru the Awakened
  1108 | D:4      | Found a shadowy altar of Dithmenos.
  1157 | D:4      | Reached XP level 7. HP: 38/38 MP: 8/8
  1590 | D:3      | Slain by a gnoll
  1590 | D:3      | Lost a life (1 life remaining)
  1660 | D:3      | Found a broken altar of Ashenzari.
  1865 | D:3      | Found a glowing drain.
  1893 | Sewer    | Entered a sewer
  3222 | D:2      | Reached skill level 5 in Fighting
  3476 | D:2      | Noticed Natasha
  3484 | D:2      | Killed Natasha
  3514 | D:2      | Noticed Natasha
  3526 | D:2      | Killed Natasha
  3936 | D:1      | Found Kocecell's Antique Weapon Shoppe.
  4011 | D:1      | Reached skill level 9 in Stealth
  4150 | D:1      | Learned a level 1 spell: Necrotise
  4153 | D:1      | Learned a level 2 spell: Ensorcelled Hibernation
  4518 | D:1      | Found The Oracle's Delphic Readings.
  4527 | D:1      | Bought a scroll of blinking for 105 gold pieces
  4527 | D:1      | Bought a scroll of teleportation for 42 gold pieces
  4527 | D:1      | Bought a scroll of teleportation for 42 gold pieces
  4527 | D:1      | Bought a scroll of identify for 28 gold pieces
  4527 | D:1      | Bought a scroll of identify for 28 gold pieces
  4582 | D:1      | Found Kir Busm's Antique Armour Boutique.
  4950 | D:4      | Slain by a gnoll sergeant
  4950 | D:4      | Lost a life (0 lives remaining)
  5208 | D:5      | Noticed Grinder
  5497 | D:5      | Reached skill level 5 in Unarmed Combat
  5497 | D:5      | Reached skill level 1 in Evocations
  5808 | D:5      | Reached XP level 8. HP: 39/43 MP: 9/9
  5808 | D:5      | Gained a life (1 life remaining)
  6102 | D:5      | Killed Grinder
  6991 | D:6      | Noticed Sigmund
  7003 | D:6      | Killed Sigmund
  7117 | D:6      | Reached skill level 10 in Stealth
  7386 | D:7      | Noticed Maurice
  7395 | D:7      | Maurice stole an amulet of guardian spirit
  7400 | D:7      | Maurice stole 148 gold
  7430 | D:7      | Learned a level 2 spell: Scorch
  7436 | D:7      | Killed Maurice
  7437 | D:7      | Reached XP level 9. HP: 29/48 MP: 1/10
  7663 | D:7      | Noticed Menkaure
  7693 | D:7      | Mangled by Menkaure
  7693 | D:7      | Lost a life (0 lives remaining)
  7839 | D:7      | Found a runed translucent door.
  7840 | D:7      | Noticed Crazy Yiuf
  8480 | D:7      | Killed Menkaure
  8620 | D:7      | Killed Crazy Yiuf
  8650 | D:7      | Learned a level 1 spell: Sting
  8653 | D:7      | Learned a level 1 spell: Summon Small Mammal
  8739 | D:8      | HP: 2/46 [wight/+0 morningstar (12)]
  8739 | D:8      | Slain by a wight

Illustrated notes

Levels and vault maps discovered:
D:1:      lightli_molten_gateway, layout_basic, serial_shops, shop,
          nicolae_shop_overgrown_old_shop, nicolae_nh_oracle_at_delphi
D:2:      layout_basic, minmay_tripent, uniq_natasha
D:3:      layout_basic, mainiacjoe_overflow_paths,
          cheibrodos_sewer_entry_sluice, serial_park_tiny_1
D:4:      layout_loops_cross, brannock_xom_greatest_gift, kennysheep_mini,
          minmay_temple_entry_glassed_door, uniq_duvessa
D:5:      layout_loops_ring, uniq_grinder
D:6:      layout_gridville, nicolae_zig_zag_zippers, uniq_sigmund
D:7:      layout_loops_corners, uniq_crazy_yiuf_cottage, uniq_menkaure,
          uniq_maurice
D:8:      layout_basic, lemuel_crystal_altar, mainiacjoe_overflow_catwalk
Temple:   hellmonk_temple_divided_pantheon

Skill      XL: |  1  2  3  4  5  6  7  8  9 |
---------------+----------------------------+-----
Dodging        | 3 4 5 6 7 8 |  8.3
Stealth        | 7 8 9 10 | 10.7
Unarmed Combat | 3 4 5 6 7 |  7.7
Fighting       | 4 5 6 |  6.7
Evocations     | 1 3 4 |  4.3

Action                     |  1- 3 |  4- 6 |  7- 9 || total
---------------------------+-------+-------+-------++-------
  Melee: Unarmed           |    12 |   113 |   582 ||   707
         Punch             |     1 |     1 |    21 ||    23
         Bite              |     1 |    12 |    69 ||    82
   Cast: Ensorcelled Hiber |       |       |     1 ||     1
 Invoke: Reject Sacrifices |       |       |     2 ||     2
  Evoke: Wand              |       |       |     6 ||     6
    Use: Potion            |       |     2 |     2 ||     4
         Scroll            |       |     1 |    10 ||    11
   Stab: Sleeping          |     1 |    10 |    37 ||    48
         Distracted        |       |     1 |     1 ||     2
         Fleeing           |       |     1 |       ||     1
 Armour: Skin              |     5 |    26 |   183 ||   214
  Dodge: Dodged            |     7 |    92 |   725 ||   824
